 Dungeon Crawl Stone Soup version 0.28-a0-1130-gc51a68064b (webtiles) character file.

Game seed: 17768156683818190504

26 freelancePsychic the Cutter (level 2, 0/24 HPs)
             Began as a Demonspawn Monk on Dec 13, 2021.
             Succumbed to an adder's poison
             ... on level 2 of the Dungeon.
             The game lasted 00:01:10 (1367 turns).

freelancePsychic the Cutter (Demonspawn Monk)       Turns: 1367, Time: 00:01:10

Health: 0/24       AC:  2    Str: 13    XL:     2   Next: 89%
Magic:  2/2        EV: 13    Int: 11    God:
Gold:   87         SH:  0    Dex: 15    Spells: 1/1 levels left

rFire   . . .      SeeInvis .   a - +0 short sword
rCold   . . .      Faith    .   (no shield)
rNeg    . . .      Spirit   .   b - +0 robe
rPois   .          Reflect  .   (helmet restricted)
rElec   .          Harm     .   (no cloak)
rCorr   .          Rampage  .   (no gloves)
Will    .....                   (no boots)
Stlth   ++........              (no amulet)
HPRegen 0.08/turn               (no ring)
MPRegen 0.08/turn               (no ring)

@: lethally poisoned (0 -> -12), hasted, very quick
A: demonic guardian 1, horns 1, strong 1, MP-powered wands
a: no special abilities


You were on level 2 of the Dungeon.
You visited 1 branch of the dungeon, and saw 2 of its levels.

You collected 87 gold pieces.

Inventory:

Hand Weapons
 a - a +0 short sword (weapon)
Armour
 b - a +0 robe (worn)
Scrolls
 e - a scroll of enchant armour {unknown}


   Skills:
 + Level 3.3 Fighting
 * Level 3.4 Short Blades
 - Level 2.7 Dodging
 - Level 1.8 Stealth


You had one spell level left.
You didn't know any spells.
Your spell library was empty.

Dungeon Overview and Level Annotations

Branches:
Dungeon (2/15)

Altars:


Innate Abilities, Weirdness & Mutations

A weak demonic guardian rushes to your aid.
You have a pair of small horns on your head.
Your muscles are strong. (Str +2)
You expend magic power (3 MP) to strengthen your wands.


Message History

An adder comes into view.
You closely miss the adder.
A ball python comes into view.
The adder bites you. The adder barely misses you.
The ball python hisses angrily. x2
The adder bites you.
The adder hisses angrily.
You miss the adder. The adder completely misses you.
You hit the adder.
The adder is heavily wounded.
The adder bites you.
You are poisoned.
The adder poisons you! The adder closely misses you.
It was a potion of haste.
You feel yourself speed up.
You feel sick. The adder bites you.
You are more poisoned.
The adder poisons you!
It was a potion of mutation.
You feel extremely strange. A pair of horns grows on your head!
You feel stronger.
You feel your magical essence link to the dungeon's wands.
You feel sick. The adder bites you.
You are lethally poisoned!
The adder poisons you!
You barely miss the adder. Your headbutt misses the adder.
The adder is heavily wounded.
You feel very sick. The adder bites you.
* * * LOW HITPOINT WARNING * * *
You closely miss the adder. Your headbutt misses the adder.
The adder is heavily wounded.
* * * LOW HITPOINT WARNING * * *
You feel sick. The adder barely misses you.
You hit the adder. Your headbutt misses the adder.
The adder is heavily wounded.
* * * LOW HITPOINT WARNING * * *
You feel sick.
You closely miss the adder.
The adder is heavily wounded.
You die...

#.........(...# ###+#.[#
#.............# #.....#
#.............# #.....#
#.............# #...<>#
#?.......†....######......
#.........................
..#....#................#
##..###...............#
##.B#@..........######
#.SSS##...#######.....
#...#S##...# #......
#.[...#####...# #..#...
##._.## ##### #..#...
#.... #..#... #...#.
#..#... ....### #..####
#..# #....#


You could see 2 adders and 2 ball pythons.

Vanquished Creatures
  A dart slug (D:1)
  2 bats
  2 endoplasms (D:1)
  5 hobgoblins
  4 kobolds
  4 ball pythons
  A frilled lizard (D:2)
  A rat (D:1)
20 creatures vanquished.

Vanquished Creatures (collateral kills)
  A dart slug (D:1)
1 creature vanquished.

Grand Total: 21 creatures vanquished

Notes
Turn   | Place    | Note
-------+----------+-------------------------------------------
     0 | D:1      | freelancePsychic the Demonspawn Monk began the quest for
                  | the Orb.
     0 | D:1      | Reached XP level 1. HP: 18/18 MP: 1/1
   437 | D:1      | Gained mutation: A weak demonic guardian rushes to your
                  | aid. [demonic ancestry]
   437 | D:1      | Reached XP level 2. HP: 24/24 MP: 2/2
  1350 | D:2      | Found a faded altar of an unknown god.
  1363 | D:2      | Gained mutation: You have a pair of small horns on your
                  | head. [potion of mutation]
  1363 | D:2      | Gained mutation: Your muscles are strong. (Str +2) [potion
                  | of mutation]
  1363 | D:2      | Gained mutation: You expend magic power (3 MP) to
                  | strengthen your wands. [potion of mutation]
  1367 | D:2      | Succumbed to an adder's poison

Illustrated notes

Levels and vault maps discovered:
D:1:      giann_forest_graveyard, layout_basic
D:2:      layout_basic, nicolae_ecumenical_snake_handling, corexii_corridor_pit

Skill      XL: |  1 |
---------------+----+-----
Short Blades   | 3 |  3.4
Fighting       | |  3.3
Dodging        | |  2.7
Stealth        | |  1.8

Action                   || total
-------------------------++-------
Melee: Short sword       ||    52
  Use: Potion            ||     2
 Stab: Sleeping          ||     6
       Distracted        ||     1
Armor: Robe              ||     8
Dodge: Dodged            ||    31

Table legend: (Time is in decaauts)
 A = Elapsed time spent in this place.
 B = Non-inter-level travel time spent in this place.
 C = Inter-level travel time spent in this place.
 D = Time resting spent in this place.
 E = Time spent auto-exploring this place.
 F = Levels seen in this place.
 G = Mean time per level.
                   A        B        C        D        E       F      G
               +--------+--------+--------+--------+--------+-----+--------+
         Total |   1362 |   1342 |     20 |      0 |   1170 |   2 |  681.0 |
       Dungeon |   1362 |   1342 |     20 |      0 |   1170 |   2 |  681.0 |
               +--------+--------+--------+--------+--------+-----+--------+

Top non-repeatable levels by time:
     D:1: 1153 daAuts
     D:2: 209 daAuts
